Unix NetHack Version 5.0.0-0 post-release - last build Jun 10 2026 00:39:30 (3ee93aec679c4c4259841fe613dc97188e26a321,branch:main).

Game began 2026-07-06 15:18:18, ended 2026-07-06 17:25:28.

DiePARTEI, neutral male human Tourist

                                   ----
                                 ---..|   -----
                                 |....-- --...|                           ----
                                --.....---....--                         --..|
            ---                 |^........)))..--                      ---...|
           --.------            |......----.....---------    ----     --...---
           |...|.|.--           ---...).-------.....^...---  |..|     |..|)|
           |.........|            |-.%...--   ---------...----..----- ---|.|
      --   |.-.......|----       --..--...|           ---.........|.| ---|.|
    --.|   |......----|..|----   |.).----.|   ------    -------.....|--<-|[|
 ----.---  ------.|  --..|.|.--  |.....----   |..|.---        |...---|...|.|
 |......|       |.| --........-----.--..|  ---|...^..--       --.--  --....|
 |......--      |.| |...........^...--..----..|--.....|        |.|    ---..--
 ---.....|  -----.---.........------......|...----....---    ---.|    --....|
   --....|  |.................%-- --...........--|......--   |...--   |..----
    |...-----.*............[....###.>...........--...@'..)####.....-- |.--
    --..--........%..........%..| --..)[..----........----   ---....--|.|
     |........--......----......|  |....(--  |.......--      ---......|.|
     --.....-----.--..|  ----..--  |....--   -----...|       |..-.......|
      ---0---   -------     |..|   --.---        --..|       |....--.----
        ---                 ---     ---           ----       ---------
DiePARTEI the Excursionist  St:16 Dx:14 Co:17 In:12 Wi:9 Ch:16  Neutral
Dlvl:7  $:72 HP:0(56) Pw:17(17) AC:4  Xp:6 T:7491 

Latest messages:
 You hit the elf zombie.
 The elf zombie hits!
 You hit the elf zombie.
 You hit the elf zombie.
 You hit the elf zombie.
 You hit the elf zombie.
 You hit the elf zombie.
 You hit the elf zombie.
 The elf zombie turns to flee.
 You hit the elf zombie.
 You hit the elf zombie.
 The elf zombie hits!
 You hit the elf zombie.
 You hit the elf zombie.
 The elf zombie hits!
 You hit the elf zombie.
 The elf zombie hits!
 You destroy the elf zombie!
 You hit the elf zombie.
 You hit the elf zombie.
 You hit the elf zombie.
 The elf zombie hits!
 You hit the elf zombie.
 The elf zombie hits!
 You climb up the stairs.
 In what direction? 4
 You destroy the elf zombie!
 You hit the lichen.
 You kill the lichen!
 You see here a lichen corpse.
 There is a lichen corpse here; eat it? [ynq] (n) y
 This lichen corpse tastes okay.
 You finish eating the lichen corpse.
 You feel strong!
 You must have been exercising diligently.
 You feel agile!
 You must have been working on your reflexes.
 In what direction? 6
 The dart hits the rope golem.
 In what direction? 6
 The dart hits the rope golem.
 The rope golem hits!
 The rope golem hits again!
 The rope golem grabs you!
 You die...
 Do you want your possessions identified? [ynq] (y) y
 Do you want to see your attributes? [ynq] (y) y
 Do you want an account of creatures vanquished? [ynaq] (y) y
 Do you want to see your conduct and achievements? [ynq] (y) y
 Do you want to see the dungeon overview? [ynq] (y) y

Inventory:
 Coins    ('$')
  $ - 72 gold pieces
 Amulets  ('"')
  k - a cursed amulet of change
 Weapons  (')')
  a - 6 +2 darts
  y - a +2 dart
  v - 6 +1 darts
  o - 57 +0 darts (at the ready)
  M - 6 +0 daggers
 Armor    ('[')
  Z - an uncursed +0 orcish helm (being worn)
  S - an uncursed +0 pair of iron shoes (being worn)
  j - an uncursed +0 shield of shock resistance (being worn)
  g - an uncursed +0 mummy wrapping
  l - a blessed thoroughly burnt +2 Hawaiian shirt with a parrot motif (being worn)
 Comestibles  ('%')
  u - an uncursed slime mold
  w - an uncursed apple
  e - 2 uncursed carrots
  c - 3 uncursed fortune cookies
  d - 2 uncursed tripe rations
 Potions  ('!')
  b - an uncursed potion of booze
  H - an uncursed potion of healing
  J - 2 uncursed potions of monster detection
  x - an uncursed potion of see invisible
 Wands    ('/')
  z - a wand of digging (0:3)
  B - a wand of teleportation (0:4)
 Tools    ('(')
  s - an uncursed bag of holding named poisres containing 16 items
  Q - an uncursed blindfold
  m - an expensive camera (0:68)
  X - an uncursed lock pick
  t - a cursed magic lamp named 1 (lit)
  i - a +0 pick-axe (alternate weapon; not wielded)
  G - an uncursed stethoscope
  h - an uncursed tallow candle
 Gems/Stones  ('*')
  R - an uncursed emerald
  W - an uncursed turquoise stone
  q - an uncursed worthless piece of blue glass
  D - 4 uncursed worthless pieces of green glass
  I - an uncursed worthless piece of violet glass
  O - 2 uncursed worthless pieces of white glass
  p - 3 uncursed worthless pieces of yellow glass
  F - 3 uncursed worthless pieces of yellowish brown glass
  P - an uncursed luckstone

Contents of the bag of holding named poisres:
  337 gold pieces
  a cursed +0 axe
  a +0 dwarvish short sword
  an uncursed +0 orcish helm
  an uncursed +0 dwarvish cloak
  an uncursed scroll of amnesia
  a cursed scroll of blank paper
  an uncursed scroll of enchant weapon
  an uncursed scroll of gold detection
  an uncursed scroll of light
  4 uncursed scrolls of magic mapping
  an uncursed scroll of remove curse
  a blessed scroll of teleportation
  an uncursed scroll of teleportation
  an uncursed spellbook of healing
  a wand of light (0:11)

DiePARTEI the Tourist's attributes:

Background:
 You were an Excursionist, a level 6 male human Tourist.
 You were neutral, on a mission for The Lady
 who was opposed by Blind Io (lawful) and Offler (chaotic).
 You were right-handed.
 You were in the Gnomish Mines, on level 7.
 You entered the dungeon 7491 turns ago.
 You had 545 experience points, 95 more were needed to attain level 7.

Basics:
 You had 0 out of 56 hit points.
 You had all 17 energy points (spell power).
 Your armor class was 4.
 Your wallet contained 72 zorkmids, and
 you had 337 more stashed away in your pack.
 Autopickup was off.

Final Characteristics:
 Your strength was 16 (peak:17, limit:18/100).
 Your dexterity was 14 (limit:18).
 Your constitution was 17 (limit:18).
 Your intelligence was 12 (limit:18).
 Your wisdom was 9 (limit:18).
 Your charisma was 16 (limit:18).

Final Status:
 You were held by a rope golem (east).
 You weren't hungry.
 You were unencumbered.
 You were bare handed.
 You were skilled in bare handed combat.

Final Attributes:
 You were piously aligned.
 You were shock resistant.
 Your items were protected from electric shocks.
 You were poison resistant.
 You were telepathic.
 You were very lucky.
 You had extra luck.
 Bad luck did not time out for you.
 Good luck did not time out for you.
 You are dead.

Miscellaneous:
 You didn't encounter any bones levels.
 Total elapsed playing time was 56 minutes and 24 seconds.

Major events:
 Turn
    1: DiePARTEI the neutral male human Tourist entered the dungeon
  855: attained the rank of Sightseer (level 3)
 3896: attained the rank of Excursionist (level 6)
 4293: entered the Gnomish Mines
 6224: reached Mine Town
 7491: killed by a rope golem

Spells:
 Name                 Level Category     Fail Retention
 healing                1   healing       80%   51%-75%
 confuse monster        1   enchantment   73%  76%-100%

Skills:
 Fighting Skills
   bare handed combat [Skilled]
   two weapon combat  [Unskilled]
   riding             [Unskilled]
 Weapon Skills
   dagger             [Unskilled]
   knife              [Unskilled]
   axe                [Unskilled]
   pick-axe           [Unskilled]
   short sword        [Unskilled]
   broadsword         [Unskilled]
   long sword         [Unskilled]
   two-handed sword   [Unskilled]
   saber              [Unskilled]
   mace               [Unskilled]
   morning star       [Unskilled]
   flail              [Unskilled]
   hammer             [Unskilled]
   quarterstaff       [Unskilled]
   polearms           [Unskilled]
   spear              [Unskilled]
   trident            [Unskilled]
   lance              [Unskilled]
   bow                [Unskilled]
   sling              [Unskilled]
   crossbow           [Unskilled]
   dart               [Basic]
   shuriken           [Unskilled]
   boomerang          [Unskilled]
   whip               [Unskilled]
   unicorn horn       [Unskilled]
 Spellcasting Skills
   divination spells  [Unskilled]
   enchantment spells [Unskilled]
   escape spells      [Unskilled]

Voluntary challenges:
 Character rerolling was not enabled.
 You never genocided any monsters.
 You never polymorphed an object.
 You never changed form.
 You used no wishes.
Achievements:
 You attained the rank of Sightseer.
 You attained the rank of Excursionist.
 You entered the Gnomish Mines.
 You entered Minetown.
 You entered a shop.
 You entered a temple.

 The Dungeons of Doom: levels 1 to 6
    Level 1:
    Level 2:
       Some fountains.
    Level 3:
       A fountain.
    Level 4:
       Stairs down to The Gnomish Mines.
    Level 5:
       An altar to The Lady, some sinks.
    Level 6:
 The Gnomish Mines: levels 5 to 8
    Level 5:
    Level 6:
    Level 7: <- You were here.
       Final resting place for
          you, killed by a rope golem.
    Level 8:
       Many shops, a temple and an altar, some fountains.


Vanquished creatures:
  a small mimic
  a wood golem
  a python
  a wraith
  a leprechaun
  a giant spider
  a horse
  a dwarf mummy
 an owlbear
  a werewolf
  2 jaguars
  2 ravens
  2 gnome mummies
  a human zombie
  a Woodland-elf
  a soldier ant
  a water nymph
  8 Mordor orcs
  8 Uruk-hai
  a rock mole
  a pony
  3 yellow lights
  a violet fungus
  7 gnome leaders
  5 gnomish wizards
  2 elf zombies
  a straw golem
  a paper golem
  4 giant ants
  a floating eye
 10 dwarves
  2 homunculi
  3 rothes
  3 giant bats
  a monkey
  4 orc zombies
  2 acid blobs
  4 coyotes
  2 hobbits
 10 manes
  2 large kobolds
  2 giant rats
  4 cave spiders
  a yellow mold
 31 gnomes
  3 garter snakes
  2 gnome zombies
  9 geckos
  7 jackals
  a fox
  4 kobolds
  5 goblins
  a sewer rat
  6 grid bugs
  5 lichens
  a kobold zombie
  6 newts
194 creatures vanquished.

No species were genocided or became extinct.

Game over:
                       ----------
                      /          \
                     /    REST    \
                    /      IN      \
                   /     PEACE      \
                  /                  \
                  |    DiePARTEI     |
                  |      409 Au      |
                  | killed by a rope |
                  |      golem       |
                  |                  |
                  |                  |
                  |       2026       |
                 *|     *  *  *      | *
        _________)/\\_//(\/(/\)/\//\/|_)_______

Aloha DiePARTEI the Tourist...

You died in The Gnomish Mines on dungeon level 7 with 8924 points,
and 409 pieces of gold, after 7491 moves.
You were level 6 with a maximum of 56 hit points when you died.

